 Dungeon Crawl Stone Soup version 0.27-a0-1230-gfc7c993222 (webtiles) character file.

Game seed: 8630562518274993778

7359 Delamore the Basher (level 11, -3/56 HPs)
             Began as a Gargoyle Fighter on June 8, 2021.
             Was a High Priest of Hepliaklqana.
             Slain by a six-headed hydra (5 damage)
             ... on level 1 of the Lair of Beasts.
             The game lasted 00:13:43 (9944 turns).

Delamore the Basher (Gargoyle Fighter)              Turns: 9944, Time: 00:13:43

Health: -3/56      AC: 23    Str: 20    XL:     11   Next: 14%
Magic:  0/11       EV:  6    Int: 12    God:    Hepliaklqana [*****.]
Gold:   536        SH: 11    Dex:  9    Spells: 10/10 levels left

rFire    + . .     SeeInvis .   a - +0 flail
rCold    x . .     Faith    .   c - +1 kite shield
rNeg     + . .     Spirit   +   q - +0 chain mail
rPois    ∞         Reflect  .   v - +1 helmet
rElec    +         Harm     .   y - +2 cloak {Stlth+}
rCorr    .         Rampage  .   I - +0 pair of gloves
Will     +....                  (no boots)
Stlth    ..........             G - amulet of guardian spirit
HPRegen  0.18/turn              u - ring of willpower
MPRegen  0.12/turn              M - ring of Tovacw {Fire Str-3 Int+3 Slay+4 Stlth+}

@: about to teleport
A: reduced essence, sickness immunity, AC +8, negative energy resistance 1,
electricity resistance, torment resistance 1, petrification resistance
a: Renounce Religion, Recall Ancestor, Ancestor Identity, Transference, Idealise


You were on level 1 of the Lair of Beasts.
You worshipped Hepliaklqana.
Hepliaklqana was extremely pleased with you.
You visited 2 branches of the dungeon, and saw 10 of its levels.
You also visited: Sewer.

You collected 616 gold pieces.
You spent 80 gold pieces at shops.

Inventory:

Hand Weapons
 a - a +0 flail (weapon)
Missiles
 k - 2 throwing nets
 r - 6 boomerangs
 w - 24 poisoned darts (quivered)
 H - 2 curare-tipped darts
 J - 5 silver boomerangs
Armour
 b - a +0 scale mail
 c - a +1 kite shield (worn)
 q - a +0 chain mail (worn)
 v - a +1 helmet (worn)
 y - a +2 cloak of stealth (worn)
 I - a +0 pair of gloves (worn)
Jewellery
 f - a ring of poison resistance
 h - an amulet of magic regeneration
 m - a ring of protection from fire
 u - a ring of willpower (left hand)
 E - a +6 ring of strength
 G - an amulet of guardian spirit (around neck)
 M - the ring of Tovacw (right hand) {Fire Str-3 Int+3 Slay+4 Stlth+}
   (You acquired it on level 9 of the Dungeon)

   [ring of fire]

   It enhances your fire magic.
   It affects your strength (-3).
   It affects your intelligence (+3).
   It affects your accuracy and damage with ranged weapons and melee attacks
   (+4).
   It protects you from fire.
   It makes you vulnerable to cold.
   It makes you more stealthy.
Wands
 g - a wand of polymorph (18)
 i - a wand of acid (2)
 K - a wand of iceblast (18)
 N - a wand of charming (8)
 Q - a wand of mindburst (6)
Scrolls
 e - 3 scrolls of magic mapping
 j - 2 scrolls of immolation
 n - a scroll of enchant armour
 o - a scroll of amnesia
 t - 2 scrolls of teleportation
 B - a scroll of blinking
 L - a scroll of fog {unknown}
 P - 2 scrolls of enchant weapon {unknown}
Potions
 d - 2 potions of might
 l - a potion of haste
 p - 4 potions of attraction
 s - a potion of cancellation {unknown}
 x - a potion of mutation {unknown}
 z - 3 potions of invisibility
 A - a potion of lignification
 C - a potion of resistance {unknown}
 D - a potion of brilliance
 F - a potion of curing {unknown}
 O - a potion of flight {unknown}


   Skills:
 - Level 5.0 Fighting
 - Level 14.0 Maces & Flails
 + Level 5.0 Throwing
 - Level 3.2 Armour
 + Level 7.0 Shields


You had 10 spell levels left.
You didn't know any spells.
Your spell library contained the following spells:

 Spells                   Type           Power      Damage    Failure   Level
 Corona                   Hex            0%         N/A       100%        1
 Ensorcelled Hibernation  Hex/Ice        0%         N/A       100%        2
 Confusing Touch          Hex            0%         N/A       100%        3
 Dazzling Flash           Conj/Hex       0%         N/A       100%        3
 Gell's Gravitas          Tloc           0%         N/A       100%        3
 Tukima's Dance           Hex            0%         N/A       100%        3
 Petrify                  Tmut/Erth      0%         N/A       100%        4
 Metabolic Englaciation   Hex/Ice        0%         N/A       100%        5
 Yara's Violent Unravell  Hex/Tmut       0%         3d3       100%        5


Dungeon Overview and Level Annotations

Branches:
Dungeon (9/15)             Temple (0/1) D:4            Lair (1/6) D:9
  Sewer (visited)
    Orc: D:9-12

Altars:
Fedhas
Hepliaklqana
Kikubaaqudgha
Qazlal
Ru
Trog

Shops:
D:5 [   D:6 (   D:9 *

Annotations:
D:3 3 runed translucent doors, win2k's ghost, amateur DjIE
D:6 3 runed translucent doors, Phantomfrettchen's ghost, amateur DsAK


Innate Abilities, Weirdness & Mutations

Your life essence is reduced to manifest your ancestor. (-10% HP)
You are immune to sickness and miasma.
Your stone body is resilient. (AC +8)
You are immune to poison.
You resist negative energy. (rN+)
You are resistant to electric shocks. (rElec)
You are resistant to unholy torment.
You are immune to petrification.


Message History

The six-headed hydra bites you!
The six-headed hydra bites you but does no damage. x2
You hit the six-headed hydra.
The six-headed hydra is heavily wounded.
You block the six-headed hydra's attack.
The six-headed hydra bites you!
The six-headed hydra bites you but does no damage.
The six-headed hydra bites you. The six-headed hydra barely misses you.
The six-headed hydra bites you.
You thump the six-headed hydra!
The six-headed hydra is severely wounded.
A blink frog comes into view.
The six-headed hydra bites you but does no damage. x2
The six-headed hydra bites you.
* * * LOW HITPOINT WARNING * * *
You block the six-headed hydra's attack.
The six-headed hydra closely misses you.
The six-headed hydra bites you!
* * * LOW HITPOINT WARNING * * *
A blink frog comes into view.
The blink frog gives a loud, deep croak!
You see here a yak corpse.
The blink frog blinks!
The blink frog blinks!
The blink frog blinks!
Okay, then.
The blink frog blinks!
You block the blink frog's attack. You block the blink frog's attack.
The blink frog blinks!
As you read the scroll of teleportation, it crumbles to dust.
You feel strangely unstable. The six-headed hydra bites you.
* * * LOW HITPOINT WARNING * * *
The six-headed hydra bites you.
* * * LOW HITPOINT WARNING * * *
You block the six-headed hydra's attack.
The six-headed hydra bites you.
* * * LOW HITPOINT WARNING * * *
The six-headed hydra bites you.
You die...

##........#
#.........#
#.........#
##.........
#..........
###.......#
##..F.....#
##D........#
#@....#.#..#
##.....#...#
###########


You could see a six-headed hydra and a blink frog.

Vanquished Creatures
  A two-headed ogre (D:7)
  A necromancer (D:9)
  A troll (D:9)
  A hornet (D:9)
  Sigmund (D:3)
  6 yaks
  A vampire (D:8)
  Menkaure (D:7)
  A water moccasin (D:9)
  An ice beast (D:6)
  2 sky beasts (D:6)
  A hornet zombie (D:7)
  An orc warrior (D:8)
  An ogre (D:6)
  2 necrophages
  A kobold brigand (D:9)
  A scorpion (D:5)
  A wyvern zombie (D:8)
  A howler monkey (D:9)
  A centaur zombie (D:6)
  4 orc priests
  Crazy Yiuf (D:7)
  2 gnoll shamans
  3 hounds (D:5)
  Jessica (D:2)
  A scorpion zombie (D:3)
  4 orc wizards
  3 yak simulacra (D:9)
  5 wolf simulacra (D:9)
  A mummy (D:5)
  3 howler monkey zombies
  5 gnolls
  8 adders
  An ufetubus (D:4)
  2 worms (D:2)
  A dart slug (D:1)
  25 orcs
  10 endoplasms
  8 giant cockroaches
  7 goblins
  4 hobgoblins
  5 jackals
  10 quokkas
  7 ball pythons
  6 bats
  2 frilled lizards
  A hobgoblin zombie (D:5)
  12 kobolds
  6 rats
  A river rat simulacrum (D:9)
176 creatures vanquished.

Vanquished Creatures (collateral kills)
  Maurice (D:8)
  A troll (D:9)
  A hornet (D:7)
  6 yaks
  A steam dragon (D:6)
  An orc warrior (D:8)
  2 bullfrogs
  A scorpion (D:4)
  2 howler monkeys (D:9)
  A centaur zombie (D:9)
  2 hounds
  A bullfrog skeleton (D:5)
  An orc priest (D:5)
  4 orc wizards
  2 yak simulacra (D:9)
  A killer bee zombie (D:7)
  A howler monkey zombie (D:8)
  3 adders
  2 gnolls (D:6)
  A worm (D:2)
  3 dart slugs
  9 orcs
  A bat (D:2)
  9 endoplasms (Sewer)
  7 giant cockroaches
  2 goblins
  2 kobolds
  8 quokkas
  6 ball pythons
  9 frilled lizards
  A kobold zombie (D:5)
92 creatures vanquished.

Vanquished Creatures (others)
  8 hexers
  An orc (D:6)
  2 plants (D:9)
11 creatures vanquished.

Grand Total: 279 creatures vanquished

Notes
Turn   | Place    | Note
-------+----------+-------------------------------------------
     0 | D:1      | Delamore the Gargoyle Fighter began the quest for the Orb.
     0 | D:1      | Reached XP level 1. HP: 14/14 MP: 1/1
    52 | D:1      | Found a faded altar of an unknown god.
   119 | D:1      | Became a worshipper of Hepliaklqana the Forgotten
   119 | D:1      | Reached * piety under Hepliaklqana
   197 | D:1      | Reached XP level 2. HP: 17/17 MP: 2/2
   563 | D:2      | Reached skill level 3 in Maces & Flails
   572 | D:2      | Reached XP level 3. HP: 21/21 MP: 3/3
   577 | D:2      | Noticed Jessica
   578 | D:2      | Killed Jessica
   579 | D:2      | Reached XP level 4. HP: 26/26 MP: 4/4
  1071 | D:2      | Reached skill level 4 in Maces & Flails
  1299 | D:3      | Reached ** piety under Hepliaklqana
  1304 | D:3      | Remembered your ancestor Froggeryz as a hexer
  1312 | D:3      | Noticed Sigmund
  1362 | D:3      | Killed Sigmund
  1363 | D:3      | Reached skill level 5 in Fighting
  1363 | D:3      | Reached skill level 5 in Maces & Flails
  1363 | D:3      | Reached XP level 5. HP: 15/31 MP: 5/5
  1363 | D:3      | Reached XP level 6. HP: 17/36 MP: 6/6
  1866 | D:3      | Noticed win2k's ghost (amateur DjIE)
  1873 | D:3      | Noticed a black bear
  2021 | D:3      | Reached skill level 6 in Maces & Flails
  2027 | D:3      | Found a runed translucent gate.
  2028 | D:3      | Found a runed translucent gate.
  2029 | D:3      | Found a runed translucent gate.
  2555 | D:4      | Reached XP level 7. HP: 39/39 MP: 7/7
  2681 | D:4      | Found a staircase to the Ecumenical Temple.
  2715 | D:4      | Reached skill level 7 in Maces & Flails
  2840 | D:4      | Found an ancient bone altar of Kikubaaqudgha.
  2843 | D:4      | Found a stormy altar of Qazlal.
  3017 | D:4      | Found a bloodstained altar of Trog.
  3132 | D:5      | Entered Level 5 of the Dungeon
  3184 | D:5      | Reached skill level 8 in Maces & Flails
  3250 | D:5      | Reached XP level 8. HP: 23/44 MP: 8/8
  3276 | D:5      | Found a glowing drain.
  3298 | Sewer    | Entered a sewer
  3510 | Sewer    | Reached *** piety under Hepliaklqana
  4041 | D:5      | Found a sacrificial altar of Ru.
  4052 | D:5      | Reached skill level 9 in Maces & Flails
  4295 | D:5      | Found Ojuideet's Armour Shop.
  4637 | D:6      | Reached skill level 10 in Maces & Flails
  4839 | D:6      | Reached XP level 9. HP: 27/48 MP: 9/9
  4984 | D:6      | Found a runed translucent gate.
  4987 | D:6      | Found a runed translucent gate.
  4987 | D:6      | Found a runed translucent gate.
  4987 | D:6      | Noticed Phantomfrettchen's ghost (amateur DsAK)
  5052 | D:6      | Found Esosubon's Weapon Boutique.
  5190 | D:6      | Reached skill level 11 in Maces & Flails
  5906 | D:7      | Reached **** piety under Hepliaklqana
  6018 | D:7      | Noticed a hornet
  6019 | D:7      | Noticed Menkaure
  6056 | D:7      | Killed a hornet
  6058 | D:7      | Killed Menkaure
  6355 | D:7      | Found a runed translucent door.
  6356 | D:7      | Noticed Crazy Yiuf
  6550 | D:7      | Reached skill level 12 in Maces & Flails
  6894 | D:7      | Killed Crazy Yiuf
  6951 | D:8      | Noticed a two-headed ogre
  7539 | D:7      | Killed a two-headed ogre
  7540 | D:7      | Reached skill level 13 in Maces & Flails
  7540 | D:7      | Reached XP level 10. HP: 40/53 MP: 10/10
  7936 | D:8      | Noticed Maurice
  7951 | D:8      | Killed Maurice
  7952 | D:8      | Reached skill level 14 in Maces & Flails
  8111 | D:8      | Reached ***** piety under Hepliaklqana
  8129 | D:8      | Reached skill level 1 in Throwing
  8353 | D:9      | Found Onupo's General Store.
  8462 | D:9      | Reached skill level 5 in Shields
  8546 | D:9      | Found a blossoming altar of Fedhas.
  8750 | D:9      | Identified a scroll of acquirement
  8751 | D:9      | Acquired the ring of Tovacw {Fire Str-3 Int+3 Slay+4
                  | Stlth+}
  8880 | D:9      | Noticed a necromancer
  8890 | D:9      | Killed a necromancer
  9174 | D:9      | Reached XP level 11. HP: 56/56 MP: 11/11
  9251 | D:9      | Found a staircase to the Lair.
  9251 | D:9      | Noticed a fire dragon
  9660 | D:9      | Bought a scroll of teleportation for 48 gold pieces
  9660 | D:9      | Bought a scroll of identify for 32 gold pieces
  9878 | Lair:1   | Entered Level 1 of the Lair of Beasts
  9900 | Lair:1   | Reached skill level 5 in Throwing
  9913 | Lair:1   | Noticed a six-headed hydra
  9944 | Lair:1   | HP: 2/56 [six-headed hydra (3)]
  9944 | Lair:1   | Slain by a six-headed hydra

Illustrated notes

Levels and vault maps discovered:
D:1:      wander_arrival_peaceful_grave, layout_rooms,
          chequers_ecumenical_altar_lobes
D:2:      layout_loops_cross, st_stairs_10, uniq_jessica
D:3:      layout_rooms, gammafunk_ghost_split, uniq_sigmund
D:4:      layout_rooms, trog_butcher_becter, gammafunk_temple_overflow_statue,
          minmay_temple_entry_hall
D:5:      layout_loops_cross, old_standard_altar, serial_shops,
          nicolae_shop_crystal, cheibrodos_sewer_entry_drain,
          minmay_mini_ossuary
D:6:      layout_basic, serial_shops, nicolae_shop_waterfront,
          ebering_ghost_rock_garden
D:7:      layout_gridville, uniq_crazy_yiuf_cottage, uniq_menkaure
D:8:      layout_rooms, minmay_stone_trees_small, uniq_maurice
D:9:      layout_basic, kennysheep_mini_moat, minmay_lair_entry_lava,
          serial_shops, nicolae_shop_waterfront, st_stairs_12,
          eino_house_with_fridge
Lair:1:   layout_hall_layers, infiniplex_staircase_pool

Skill      XL: |  1  2  3  4  5  6  7  8  9 10 11 |
---------------+----------------------------------+-----
Maces & Flails | 3 5 6 8 10 13 14 | 14.0
Fighting       | 4 5 |  5.0
Throwing       | 4 5 |  5.0
Shields        | 6 7 |  7.0
Armour         | |  3.2

Action                   |  1- 3 |  4- 6 |  7- 9 | 10-12 || total
-------------------------+-------+-------+-------+-------++-------
Melee: Flail             |    48 |   152 |   401 |   195 ||   796
Throw: Dart              |       |       |     6 |     7 ||    13
Invok: Ancestor Identity |     1 |       |       |       ||     1
       Ancestor Life: He |       |     1 |       |       ||     1
       Recall Ancestor   |       |     1 |     2 |       ||     3
Evoke: Wand              |     1 |     3 |     2 |     1 ||     7
  Use: Scroll            |       |     6 |     6 |     8 ||    20
       Potion            |       |       |       |     1 ||     1
 Stab: Confused          |       |     1 |     7 |     9 ||    17
       Distracted        |       |       |       |     5 ||     5
Armor: Scale mail        |    26 |    22 |       |       ||    48
       Chain mail        |       |    65 |   258 |    92 ||   415
Dodge: Dodged            |    13 |    42 |    67 |    31 ||   153
Block: Kite shield       |    27 |    74 |   216 |   102 ||   419

Table legend: (Time is in decaauts)
 A = Elapsed time spent in this place.
 B = Non-inter-level travel time spent in this place.
 C = Inter-level travel time spent in this place.
 D = Time resting spent in this place.
 E = Time spent auto-exploring this place.
 F = Levels seen in this place.
 G = Mean time per level.
                   A        B        C        D        E       F      G
               +--------+--------+--------+--------+--------+-----+--------+
         Total |  10148 |   9771 |    377 |   1678 |   6212 |  11 |  922.5 |
       Dungeon |   9363 |   8986 |    377 |   1678 |   5721 |   9 | 1040.3 |
          Lair |     61 |     61 |      0 |      0 |      8 |   1 |   61.0 |
         Sewer |    723 |    723 |      0 |      0 |    483 |   1 |  723.0 |
               +--------+--------+--------+--------+--------+-----+--------+

Top non-repeatable levels by time:
     D:7: 1588 daAuts
     D:9: 1438 daAuts
     D:6: 1414 daAuts
     D:2: 1072 daAuts
     D:3: 1007 daAuts
     D:8: 855 daAuts
     D:5: 812 daAuts
   Sewer: 723 daAuts
     D:4: 635 daAuts
     D:1: 538 daAuts
  Lair:1: 61 daAuts
